 Dungeon Crawl Stone Soup version 0.31-a0-210-gccc998df9b (webtiles) character file.

Game seed: 12017082275331114483

266 Anon1729 the Trooper (level 6, 0/56 HPs)
             Began as a Minotaur Monk on June 30, 2023.
             Slain by an orc priest
             ... wielding a +0 mace
              (4 damage)
             ... on level 7 of the Dungeon.
             The game lasted 00:01:12 (2253 turns).

Anon1729 the Trooper (Minotaur Monk)                Turns: 2253, Time: 00:01:13

Health: 0/56       AC: 13    Str: 16    XL:     6   Next: 0%
Magic:  5/5        EV: 13    Int: 11    God:
Gold:   164        SH:  0    Dex: 21    Spells: 5/5 levels left

rFire   . . .        c - +2 dagger (venom)
rCold   . . .        d - orb {light}
rNeg    . . .        r - +3 ring mail of Vezohepp {*Slow Int+4 Dex+7}
rPois   .            (helmet restricted)
rElec   .            (no cloak)
rCorr   .            (no gloves)
SInv    +            y - +0 pair of boots
Will    .....        (no amulet)
Stlth   +            w - +4 ring of protection
HPRegen 0.29/turn    u - ring of see invisible
MPRegen 0.09/turn

%: slow self (1%)
@: attractive, glowing, studying Poison Magic
A: horns 2, retaliatory headbutt
a: no special abilities


You were on level 7 of the Dungeon.
You visited 1 branch of the dungeon, and saw 5 of its levels.

You collected 164 gold pieces.

Inventory:

Hand Weapons
 a - a +0 falchion
 c - a +2 dagger of venom (weapon)
Armour
 b - a +0 robe
 d - an orb of light (worn)
 r - the +3 ring mail of Vezohepp (worn) {*Slow Int+4 Dex+7}
   (You found it on level 2 of the Dungeon)

   Int:       It affects your intelligence (+4).
   Dex:       It affects your dexterity (+7).
   *Slow:     It may slow you when you take damage.
 y - a +0 pair of boots (worn)
Jewellery
 p - a ring of magical power
 u - a ring of see invisible (right hand)
 w - a +4 ring of protection (left hand)
 x - a ring of wizardry
 C - a ring of willpower
Scrolls
 e - 2 scrolls of noise {unknown}
 f - a scroll of blinking {unknown}
 g - 2 scrolls of identify {unknown}
 j - 2 scrolls of enchant armour {unknown}
 k - 3 scrolls of teleportation {unknown}
 l - a scroll of revelation {unknown}
 n - a scroll of brand weapon {unknown}
 o - 3 scrolls of immolation {unknown}
 v - a scroll of poison {unknown}
 B - a scroll of fear {unknown}
Potions
 h - 2 potions of attraction
 i - 2 potions of heal wounds {unknown}
 m - a potion of berserk rage {unknown}
 q - a potion of might {unknown}
 s - a potion of enlightenment {unknown}
 t - a potion of lignification {unknown}
 z - a potion of curing {unknown}
 A - 2 potions of mutation {unknown}


   Skills:
 + Level 5.5 Fighting
 + Level 5.5 Long Blades
 + Level 5.0 Dodging


You had 5 spell levels left.
You didn't know any spells.
Your spell library contained the following spells:

 Spells                   Type           Power      Damage    Failure   Level
 Vhi's Electric Charge    Tloc/Air       0%         N/A       90%         3
 Arcjolt                  Conj/Air       0%         1d10      100%        5
 Plasma Beam              Fire/Air       0%         2x1d10    100%        6


Dungeon Overview and Level Annotations

Branches:
Dungeon (4/15)
 Temple: D:4-7

Altars:
Kikubaaqudgha


Innate Abilities, Weirdness & Mutations

You have a pair of horns on your head.
You reflexively headbutt those who attack you in melee.


Message History

You hit the orc but do no damage.
The orc is poisoned.
The orc is moderately wounded.
The orc closely misses you. The orc hits you but does no damage.
The orc priest mumbles some strange prayers to Beogh against you.
Beogh smites you!
You are too injured to fight recklessly!
You hit the orc priest but do no damage.
The orc priest is poisoned.
The orc priest is lightly wounded.
The orc closely misses you. You furiously retaliate!
You headbutt the orc. The orc misses you.
The orc priest hits you but does no damage.
You hit the orc priest.
The orc priest looks as sick as possible!
The orc priest is heavily wounded.
The orc barely misses you. The orc misses you.
The orc priest barely misses you.
You hit the orc priest.
The orc priest looks as sick as possible!
The orc priest is severely wounded.
The orc closely misses you. The orc barely misses you. You furiously retaliate!
You headbutt the orc.
You kill the orc!
The orc priest looks satisfied for a moment.
The orc priest mumbles some strange prayers to Beogh against you.
Beogh smites you!
* * * LOW HITPOINT WARNING * * *
You hit the orc priest.
You kill the orc priest!
The orc hits you with a +0 club.
* * * LOW HITPOINT WARNING * * *
Your Dodging skill increases to level 5!
You have reached level 6!
It was a potion of attraction.
You feel attractive to monsters.
You hear the faint creaking of a distant portcullis.
The orc barely misses you. You furiously retaliate!
You headbutt the orc!
You kill the orc!
The orc priest hits you with a +0 mace.
You die...

### #..
#####'###
#.......#
#.......#
#.......#
#...)o).# #@#
#.# #.#####
#.....#
#######.####
...........#
########.##.#
#........##.#
#.#########.#


You could see an orc priest.

Vanquished Creatures
  3 orc priests
  A hound (D:4)
  An orc wizard (D:7)
  3 adders
  5 worms
  3 dart slugs
  9 orcs
  6 bats
  9 endoplasms
  5 giant cockroaches
  4 goblins
  6 hobgoblins
  7 kobolds
  A quokka (D:2)
  8 ball pythons
  2 frilled lizards
  4 rats
77 creatures vanquished.

Notes
Turn   | Place    | Note
-------+----------+-------------------------------------------
     0 | D:1      | Anon1729 the Minotaur Monk began the quest for the Orb.
     0 | D:1      | Reached XP level 1. HP: 19/19 MP: 0/0
   201 | D:1      | Reached XP level 2. HP: 27/27 MP: 1/1
   303 | D:1      | Found a faded altar of an unknown god.
   681 | D:2      | Reached XP level 3. HP: 33/33 MP: 2/2
   989 | D:2      | Identified the +3 ring mail of Vezohepp {*Slow Int+4 Dex+7}
  1170 | D:2      | Reached XP level 4. HP: 41/41 MP: 3/3
  1903 | D:3      | Reached skill level 5 in Fighting
  1903 | D:3      | Reached XP level 5. HP: 48/48 MP: 4/4
  1942 | D:3      | Reached skill level 5 in Long Blades
  2065 | D:4      | Found an ancient bone altar of Kikubaaqudgha.
  2201 | D:4      | You fall into a shaft and drop 3 floors!
  2253 | D:7      | Reached skill level 5 in Dodging
  2253 | D:7      | Reached XP level 6. HP: 4/56 MP: 5/5
  2253 | D:7      | Slain by an orc priest

Illustrated notes

Levels and vault maps discovered:
D:1:      eino_arrival_tree_alley, layout_basic,
          chequers_ecumenical_altar_island
D:2:      layout_basic
D:3:      layout_rooms
D:4:      layout_basic, okawaru_gym_becter, nicolae_kikubaaqudgha_miasma_corner,
          minmay_temple_entry_mini_moons, gammafunk_ghost_icy, uniq_grinder
D:7:      layout_basic, nicolae_uskayaw_suspiria,
          mainiacjoe_overflow_six_doors_small, enter_bailey_2, uniq_joseph,
          uniq_pikel

Skill      XL: |  1  2  3  4  5 |
---------------+----------------+-----
Fighting       | 4 5 |  5.5
Long Blades    | 4 5 |  5.5
Dodging        | 4 5 |  5.0

Action                     |  1- 3 |  4- 6 || total
---------------------------+-------+-------++-------
  Melee: Falchion          |    79 |    18 ||    97
         Headbutt          |    18 |    11 ||    29
         Dagger            |       |    50 ||    50
    Use: Potion            |       |     2 ||     2
 Armour: Robe              |     9 |       ||     9
         Ring mail         |       |    22 ||    22
  Dodge: Dodged            |    48 |    47 ||    95

Table legend: (Time is in decaauts)
 A = Elapsed time spent in this place.
 B = Non-inter-level travel time spent in this place.
 C = Inter-level travel time spent in this place.
 D = Time resting spent in this place.
 E = Time spent auto-exploring this place.
 F = Levels seen in this place.
 G = Mean time per level.
                   A        B        C        D        E       F      G
               +--------+--------+--------+--------+--------+-----+--------+
         Total |   2258 |   2117 |    141 |      0 |   1722 |   5 |  451.6 |
       Dungeon |   2258 |   2117 |    141 |      0 |   1722 |   5 |  451.6 |
               +--------+--------+--------+--------+--------+-----+--------+

Top non-repeatable levels by time:
     D:2: 828 daAuts
     D:1: 657 daAuts
     D:3: 589 daAuts
     D:4: 134 daAuts
     D:7: 49 daAuts
